 Dungeon Crawl Stone Soup version 0.31-a0-198-g2ad674f65e (webtiles) character file.

Game seed: 348412919262272282

1 iguanaiguana the Sneak (level 1, 0/19 HPs)
             Began as a Meteoran Delver on June 25, 2023.
             Succumbed to an adder's poison
             ... on level 4 of the Dungeon.
             The game lasted 00:01:17 (92 turns).

iguanaiguana the Sneak (Meteoran Delver)              Turns: 92, Time: 00:01:17

Health: 0/19       AC:  3    Str: 10 (13) XL:     1   Next: 28%
Magic:  2/2        EV: 12    Int:  8 (11) God:
Gold:   0          SH:  0    Dex: 13 (15) Spells: 0/0 levels left

rFire   . . .        a - +0 falchion
rCold   . . .        (no shield)
rNeg    . . .        b - +0 leather armour
rPois   .            (no helmet)
rElec   .            (no cloak)
rCorr   .            (no gloves)
SInv    .            (no boots)
Will    .....        (no amulet)
Stlth   +            (no ring)
HPRegen 0.23/turn    (no ring)
MPRegen 0.08/turn

%: no passive effects
@: lethally poisoned (0 -> -3), glowing
A: sense surroundings 1, otherworldly, glowing, explore regen
a: no special abilities


You were on level 4 of the Dungeon.
You visited 1 branch of the dungeon, and saw 3 of its levels.

Inventory:

Hand Weapons
 a - a +0 falchion (weapon)
Armour
 b - a +0 leather armour (worn)
Wands
 g - a wand of digging (3) {@v3}
Scrolls
 c - a scroll of fog
 d - a scroll of silence {unknown}


   Skills:
 + Level 3.4 Fighting
 - Level 2.4 Long Blades
 - Level 2.4 Dodging
 - Level 3.7 Stealth


You couldn't memorise any spells.
You didn't know any spells.
Your spell library was empty.

Dungeon Overview and Level Annotations

Branches:
Dungeon (6/15) Zot: 1725
 Temple: D:4-7

Altars:


Innate Abilities, Weirdness & Mutations

You passively map a small area around you.
You are easily found by Zot.
You glow in the dark.
You regain HP and MP as you explore.


Message History

a +0 dagger; a goblin corpse The orc wizard casts a spell at you.
You are confused.
You bump into the rock wall.
The iguana hisses menacingly.
The orc wizard gestures at you while chanting.
The puff of flame hits you!
Ouch! That really hurt!
* * * LOW HITPOINT WARNING * * *
You are too confused!
It was a potion of degeneration.
There was something very wrong with that liquid.
You feel weakened.
You feel dopey.
You feel clumsy.
You're too confused to move!
You bump into the rock wall.
You bump into the rock wall.
The iguana hisses menacingly.
You bump into the rock wall.
Your extra speed is starting to run out.
You feel less confused.
The orc wizard casts a spell.
The orc wizard flickers and vanishes!
Deactivating autopickup; reactivate with Ctrl-A.
As you read the scroll of fear, it crumbles to dust.
You assume a fearsome visage.
The iguana looks frightened!
You feel yourself slow down.
An adder comes into view.
The adder hisses angrily.
You barely miss the adder. You closely miss the adder.
You closely miss the adder. The adder bites you.
* * * LOW HITPOINT WARNING * * *
You closely miss the adder. The adder bites you.
* * * LOW HITPOINT WARNING * * *
The adder bites you.
* * * LOW HITPOINT WARNING * * *
You are lethally poisoned!
The adder poisons you!
You barely miss the adder.
You die...

*
#...{.l..).#
#.##########
,#.# * #.# *
#.###########
*
#...........#
##########.##
,,,
,,......(##.#
** * #.S@.#
######


You could see an adder.

Vanquished Creatures
  A goblin (D:4)
1 creature vanquished.

Notes
Turn   | Place    | Note
-------+----------+-------------------------------------------
     0 | D:5      | iguanaiguana the Meteoran Delver began the quest for the
                  | Orb.
     0 | D:5      | Reached XP level 1. HP: 19/19 MP: 2/2
     5 | D:6      | Noticed a phantom
    33 | D:5      | Noticed an orc wizard
    40 | D:4      | Noticed an iguana
    92 | D:4      | Succumbed to an adder's poison

Illustrated notes

Levels and vault maps discovered:
D:4:      layout_basic, chequers_serial_rivers_micro_d
D:5:      layout_basic, minmay_fractal_squares_gapless_5
D:6:      layout_basic, minmay_temple_entry_crystal_x, uniq_menkaure

Action                     || total
---------------------------++-------
  Melee: Falchion          ||    11
    Use: Scroll            ||     2
         Potion            ||     2
 Armour: Leather armour    ||     4
  Dodge: Dodged            ||    12

Table legend: (Time is in decaauts)
 A = Elapsed time spent in this place.
 B = Non-inter-level travel time spent in this place.
 C = Inter-level travel time spent in this place.
 D = Time resting spent in this place.
 E = Time spent auto-exploring this place.
 F = Levels seen in this place.
 G = Mean time per level.
                   A        B        C        D        E       F      G
               +--------+--------+--------+--------+--------+-----+--------+
         Total |     74 |     74 |      0 |      0 |      0 |   3 |   24.7 |
       Dungeon |     74 |     74 |      0 |      0 |      0 |   3 |   24.7 |
               +--------+--------+--------+--------+--------+-----+--------+

Top non-repeatable levels by time:
     D:4: 41 daAuts
     D:5: 17 daAuts
     D:6: 16 daAuts
